PR
HICKSVILLE HOUNDS @ HUDSONVILLE FLANDERSES
06/30/2042
 
TOP OF THE 1ST
Hicksville Hounds batting - Pitching for Hudsonville Flanderses : RHP Ken Travis
Pitching: RHP Ken Travis
Batting: RHB Arturo Iglésias 0-0: Foul Ball, location: 2F
0-1: Foul Ball, location: 2F
0-2: Ground out 6-3 (Groundball, 6, EV 101.9 MPH)
Batting: RHB Jesús Renderos 0-0: Ball
1-0: Ball
2-0: Swinging Strike
2-1: Foul Ball, location: 2F
2-2: Strikes out swinging
Batting: LHB Timothy Hayes 0-0: Called Strike
0-1: Called Strike
0-2: Ground out U3 (Groundball, 3, EV 91.9 MPH)
Top of the 1st over - 0 runs, 0 hits, 0 errors, 0 left on base; Hicksville 0 - Hudsonville 0
BOTTOM OF THE 1ST
Hudsonville Flanderses batting - Pitching for Hicksville Hounds : RHP Jimmy Young
Pitching: RHP Jimmy Young
Batting: RHB Patrick Gibbard 0-0: Called Strike
0-1: Ground out 1-3 (Groundball, 34S, EV 83.8 MPH)
Pitching: LHP Vic Trewick
Batting: LHB Lasse Karsberg 0-0: Foul Ball, location: 2F
0-1: Bunt for hit to 13S - play at first, batter OUT! 1-3
Batting: SHB Bailey Stuart 0-0: Ball
1-0: Foul Ball, location: 2F
1-1: Ball
2-1: Ground out 6-3 (Groundball, 6, EV 81.9 MPH)
Bottom of the 1st over - 0 runs, 0 hits, 0 errors, 0 left on base; Hicksville 0 - Hudsonville 0
TOP OF THE 2ND
Hicksville Hounds batting - Pitching for Hudsonville Flanderses : RHP Ken Travis
Batting: RHB Ramiro Rivera 0-0: Ball
1-0: Ball
2-0: Called Strike
2-1: Foul Ball, location: 2F
2-2: Strikes out swinging
Batting: RHB Joe Barrientez 0-0: Ball
1-0: Swinging Strike
1-1: Foul Ball, location: 2F
1-2: Strikes out looking
Batting: RHB Trent Davis 0-0: Called Strike
0-1: Ball
1-1: Foul Ball, location: 2F
1-2: Strikes out swinging
Top of the 2nd over - 0 runs, 0 hits, 0 errors, 0 left on base; Hicksville 0 - Hudsonville 0
BOTTOM OF THE 2ND
Hudsonville Flanderses batting - Pitching for Hicksville Hounds : LHP Vic Trewick
Batting: LHB Virgil Hughes 0-0: Called Strike
0-1: Swinging Strike
0-2: Foul Ball, location: 2F
0-2: Ball
1-2: Strikes out swinging
Batting: LHB Victor de Bree 0-0: Ball
1-0: Ball
2-0: Called Strike
2-1: Swinging Strike
2-2: Ball
3-2: Foul Ball, location: 2F
3-2: Base on Balls
Batting: LHB Ben Yunusov 0-0: Called Strike
0-1: Ball
1-1: Ball
2-1: Called Strike
2-2: Foul Ball, location: 2F
2-2: Ball
3-2: Strikes out swinging
Victor de Bree steals 2nd base
Batter strikes out.
Batting: RHB Tony Mendoza 0-0: Foul Ball, location: 2F
0-1: Ball
1-1: Foul Ball, location: 2F
1-2: Ground out 1-3 (Groundball, 34S, EV 85.6 MPH)
Bottom of the 2nd over - 0 runs, 0 hits, 0 errors, 1 left on base; Hicksville 0 - Hudsonville 0
TOP OF THE 3RD
Hicksville Hounds batting - Pitching for Hudsonville Flanderses : RHP Ken Travis
Batting: RHB Martín González 0-0: SOLO HOME RUN (Flyball, 7LD, EV 108.8 MPH), Distance : 364 ft
Batting: RHB Larry Thompson 0-0: Called Strike
0-1: Fly out, F9 (Flyball, 9LS, EV 95.0 MPH)
Batting: RHB Will Barr 0-0: Called Strike
0-1: Swinging Strike
0-2: Foul Ball, location: 2F
0-2: Ball
1-2: DOUBLE (Line Drive, 7LD, EV 106.2 MPH)
Batting: RHB Arturo Iglésias 0-0: Fly out, F8 (Flyball, 8LD, EV 101.2 MPH)
Runner from 2nd tags up, SAFE at 3rd with throw by CF
Batting: RHB Jesús Renderos 0-0: Ball
1-0: Swinging Strike
1-1: Foul Ball, location: 2F
1-2: 2-RUN HOME RUN (Flyball, 78XD, EV 87.5 MPH), Distance : 431 ft
Batting: LHB Timothy Hayes 0-0: Ball
1-0: Called Strike
1-1: Ball
2-1: Ball
3-1: Called Strike
3-2: Foul Ball, location: 2F
3-2: Strikes out looking
Top of the 3rd over - 3 runs, 3 hits, 0 errors, 0 left on base; Hicksville 3 - Hudsonville 0
BOTTOM OF THE 3RD
Hudsonville Flanderses batting - Pitching for Hicksville Hounds : LHP Vic Trewick
Batting: RHB Mike Marcus 0-0: Called Strike
0-1: Ball
1-1: Swinging Strike
1-2: Foul Ball, location: 2F
1-2: Ball
2-2: Ball
3-2: Base on Balls
Batting: RHB Danny McElroy 0-0: Ball
1-0: Called Strike
1-1: Ball
2-1: Foul Ball, location: 2F
2-2: Ball
3-2: Foul Ball, location: 2F
3-2: Grounds into double play, 6-4-3 (Groundball, 6, EV 99.4 MPH)
Batting: RHB Patrick Gibbard 0-0: Ball
1-0: SINGLE (Groundball, 56D, EV 108.1 MPH)
Batting: LHB Lasse Karsberg 0-0: Ball
1-0: Ball
2-0: Foul Ball, location: 2F
2-1: Ball
3-1: DOUBLE (Line Drive, 89D, EV 114.4 MPH)
Patrick Gibbard to third
Batting: SHB Bailey Stuart 0-0: Ball
1-0: Ball
2-0: Called Strike
2-1: DOUBLE (Line Drive, 78D, EV 106.2 MPH)
Patrick Gibbard scores
Lasse Karsberg scores
Batting: LHB Virgil Hughes 0-0: Called Strike
0-1: Ball
1-1: Foul Ball, location: 2F
1-2: Foul Ball, location: 2F
1-2: Fly out, F8 (Flyball, 8RD, EV 101.2 MPH)
Bottom of the 3rd over - 2 runs, 3 hits, 0 errors, 1 left on base; Hicksville 3 - Hudsonville 2
TOP OF THE 4TH
Hicksville Hounds batting - Pitching for Hudsonville Flanderses : RHP Ken Travis
Batting: RHB Ramiro Rivera 0-0: Called Strike
0-1: Called Strike
0-2: Strikes out swinging
Batting: RHB Joe Barrientez 0-0: Ball
1-0: Swinging Strike
1-1: Foul Ball, location: 2F
1-2: Foul Ball, location: 2F
1-2: Strikes out looking
Batting: RHB Trent Davis 0-0: Called Strike
0-1: Called Strike
0-2: Strikes out swinging
Top of the 4th over - 0 runs, 0 hits, 0 errors, 0 left on base; Hicksville 3 - Hudsonville 2
BOTTOM OF THE 4TH
Hudsonville Flanderses batting - Pitching for Hicksville Hounds : LHP Vic Trewick
Batting: LHB Victor de Bree 0-0: Ground out 4-3 (Groundball, 4, EV 85.6 MPH)
Batting: LHB Ben Yunusov 0-0: Ball
1-0: Ball
2-0: Called Strike
2-1: Called Strike
2-2: Ball
3-2: Strikes out looking
Batting: RHB Tony Mendoza 0-0: Ball
1-0: Ball
2-0: SOLO HOME RUN (Flyball, 7LD, EV 95.0 MPH), Distance : 370 ft
Pitching: LHP Ricardo Hernández
Batting: RHB Mike Marcus 0-0: Ball
1-0: Foul Ball, location: 2F
1-1: Foul Ball, location: 2F
1-2: Ball
2-2: Foul Ball, location: 2F
2-2: Foul Ball, location: 2F
2-2: Foul Ball, location: 2F
2-2: Ball
3-2: Foul Ball, location: 2F
3-2: Base on Balls
Batting: RHB Danny McElroy 0-0: Ball
Mike Marcus steals 2nd base
1-0: Ground out 6-3 (Groundball, 6, EV 86.2 MPH)
Bottom of the 4th over - 1 run, 1 hit, 0 errors, 1 left on base; Hicksville 3 - Hudsonville 3
TOP OF THE 5TH
Hicksville Hounds batting - Pitching for Hudsonville Flanderses : RHP Ken Travis
Batting: RHB Martín González 0-0: Called Strike
0-1: Ball
1-1: Ball
2-1: Foul Ball, location: 2F
2-2: Foul Ball, location: 2F
2-2: Strikes out looking
Batting: RHB Larry Thompson 0-0: Ball
1-0: Ball
2-0: Foul Ball, location: 2F
2-1: Ball
3-1: Base on Balls
Batting: RHB Will Barr 0-0: Ball
1-0: Ball
2-0: Called Strike
2-1: Swinging Strike
2-2: Foul Ball, location: 2F
2-2: Ball
3-2: Strikes out swinging
Batting: RHB Arturo Iglésias 0-0: Ball
1-0: Swinging Strike
1-1: Ball
2-1: Ball
3-1: Foul Ball, location: 2F
3-2: Strikes out swinging
Top of the 5th over - 0 runs, 0 hits, 0 errors, 1 left on base; Hicksville 3 - Hudsonville 3
BOTTOM OF THE 5TH
Hudsonville Flanderses batting - Pitching for Hicksville Hounds : LHP Ricardo Hernández
Batting: RHB Patrick Gibbard 0-0: Called Strike
0-1: Ball
1-1: SOLO HOME RUN (Line Drive, 89XD, EV 100.6 MPH), Distance : 412 ft
Batting: LHB Lasse Karsberg 0-0: Bunt for hit to 23 - play at first, batter OUT! 3-4
Batting: SHB Bailey Stuart 0-0: Called Strike
0-1: Ball
1-1: SINGLE (Groundball, 56, EV 85.0 MPH) (infield hit)
Batting: LHB Virgil Hughes 0-0: Swinging Strike
0-1: Hit by Pitch
Bailey Stuart to second
Batting: LHB Victor de Bree 0-0: Foul Ball, location: 2F
0-1: SINGLE (Groundball, 4S, EV 67.5 MPH) (infield hit)
Bailey Stuart to third
Virgil Hughes to second
Batting: LHB Ben Yunusov 0-0: Ball
1-0: Called Strike
1-1: Foul Ball, location: 2F
1-2: Foul Ball, location: 2F
1-2: Ball
2-2: Ball
3-2: Foul Ball, location: 2F
3-2: DOUBLE (Line Drive, 78D, EV 104.4 MPH)
Bailey Stuart scores
Virgil Hughes scores
Victor de Bree to third
Batting: RHB Tony Mendoza 0-0: Ball
1-0: SINGLE (Groundball, 56, EV 85.6 MPH) (infield hit)
Victor de Bree scores
Ben Yunusov to third
Pitching: RHP Wop Koopman
Batting: RHB Mike Marcus 0-0: Ball
1-0: Called Strike
1-1: Swinging Strike
1-2: Strikes out swinging
Batting: RHB Danny McElroy 0-0: Ball
Tony Mendoza is caught stealing 2nd base 2-4
Bottom of the 5th over - 4 runs, 5 hits, 0 errors, 1 left on base; Hicksville 3 - Hudsonville 7
TOP OF THE 6TH
Hicksville Hounds batting - Pitching for Hudsonville Flanderses : RHP Ken Travis
Batting: RHB Jesús Renderos 0-0: Called Strike
0-1: Foul Ball, location: 2F
0-2: Strikes out swinging
Pitching: RHP Eitoku Tanaka
Batting: LHB Timothy Hayes 0-0: Ball
1-0: Ball
2-0: Foul Ball, location: 2F
2-1: Ball
3-1: Base on Balls
Batting: RHB Ramiro Rivera 0-0: Called Strike
0-1: Ball
1-1: Swinging Strike
1-2: Strikes out swinging
Timothy Hayes steals 2nd base
Batter strikes out.
Batting: RHB Joe Barrientez 0-0: Called Strike
0-1: Swinging Strike
0-2: Ball
1-2: Foul Ball, location: 2F
1-2: DOUBLE (Line Drive, 8LXD, EV 102.5 MPH)
Timothy Hayes scores
Batting: RHB Trent Davis 0-0: Called Strike
0-1: Ball
1-1: Ball
2-1: Foul Ball, location: 2F
2-2: Hit by Pitch
Pinch Runner at 1st Tim Stroud:
Batting: RHB Martín González 0-0: Foul Ball, location: 2F
0-1: Ball
1-1: Called Strike
1-2: Foul Ball, location: 2F
1-2: Strikes out swinging
Top of the 6th over - 1 run, 1 hit, 0 errors, 2 left on base; Hicksville 4 - Hudsonville 7
BOTTOM OF THE 6TH
Hudsonville Flanderses batting - Pitching for Hicksville Hounds : RHP Wop Koopman
Now at SS: Tim Stroud
Batting: RHB Danny McElroy 0-0: Ball
1-0: Ball
2-0: Swinging Strike
2-1: Ball
3-1: Called Strike
3-2: Foul Ball, location: 2F
3-2: Base on Balls
Batting: RHB Patrick Gibbard 0-0: Ball
1-0: Called Strike
1-1: Fly out, F8 (Flyball, 78S, EV 85.6 MPH)
Batting: LHB Lasse Karsberg 0-0: Ball
1-0: SINGLE (Groundball, 34D, EV 96.2 MPH)
Danny McElroy to second
Runner from 2nd tries for 3rd, SAFE, throw by RF made to third
Batting: SHB Bailey Stuart 0-0: Ball
1-0: DOUBLE (Line Drive, 5D, EV 102.5 MPH)
Danny McElroy scores
Lasse Karsberg to third
Runner from 3rd tries for Home, SAFE, no throw by LF
Batting: LHB Virgil Hughes 0-0: Foul Ball, location: 2F
0-1: Swinging Strike
0-2: Foul Ball, location: 2F
0-2: Ball
1-2: Ball
2-2: Ball
3-2: Base on Balls
Batting: LHB Victor de Bree 0-0: Ball
1-0: Swinging Strike
1-1: Called Strike
1-2: Fly out, F9 (Flyball, 9, EV 86.9 MPH)
Batting: LHB Ben Yunusov 0-0: SINGLE (Groundball, 4, EV 110.0 MPH) (infield hit)
Bailey Stuart to third
Virgil Hughes to second
Batting: RHB Tony Mendoza 0-0: Called Strike
0-1: Ball
1-1: TRIPLE (Flyball, 9LD, EV 90.0 MPH)
Bailey Stuart scores
Virgil Hughes scores
Ben Yunusov scores
Pitching: RHP Mike Hopkins
Batting: RHB Mike Marcus 0-0: Called Strike
0-1: Foul Ball, location: 2F
0-2: Ball
1-2: Strikes out swinging
Bottom of the 6th over - 5 runs, 4 hits, 0 errors, 1 left on base; Hicksville 4 - Hudsonville 12
TOP OF THE 7TH
Hicksville Hounds batting - Pitching for Hudsonville Flanderses : RHP Eitoku Tanaka
Batting: RHB Larry Thompson 0-0: Ball
1-0: Called Strike
1-1: Called Strike
1-2: Strikes out swinging
Batting: RHB Will Barr 0-0: Called Strike
0-1: Fly out, F9 (Flyball, 9LM, EV 99.4 MPH)
Batting: RHB Arturo Iglésias 0-0: Ball
1-0: Ball
2-0: Called Strike
2-1: Called Strike
2-2: Foul Ball, location: 2F
2-2: Ball
3-2: Strikes out swinging
Top of the 7th over - 0 runs, 0 hits, 0 errors, 0 left on base; Hicksville 4 - Hudsonville 12
BOTTOM OF THE 7TH
Hudsonville Flanderses batting - Pitching for Hicksville Hounds : RHP Mike Hopkins
Batting: RHB Danny McElroy 0-0: Ball
1-0: Ball
2-0: Ground out 6-3 (Groundball, 6, EV 100.0 MPH)
Pinch Hitting: RHB Vonne Fajardo 0-0: Swinging Strike
0-1: SINGLE (Flyball, 7S, EV 96.2 MPH)
Pinch Hitting: RHB Jonathan Long 0-0: Ball
1-0: Swinging Strike
1-1: Foul Ball, location: 2F
1-2: Strikes out swinging
Pinch Hitting: LHB Ángel Molina 0-0: Ball
Wild Pitch!
Vonne Fajardo to second
1-0: Ball
2-0: Ball
3-0: Base on Balls
Batting: LHB Virgil Hughes 0-0: Called Strike
0-1: Foul Ball, location: 2F
0-2: Fly out, F5 (Line Drive, 5, EV 70.6 MPH)
Bottom of the 7th over - 0 runs, 1 hit, 0 errors, 2 left on base; Hicksville 4 - Hudsonville 12
TOP OF THE 8TH
Hicksville Hounds batting - Pitching for Hudsonville Flanderses : RHP Eitoku Tanaka
Now at 3B: Jonathan Long
Now in CF: Vonne Fajardo
Now in RF: Ángel Molina
Batting: RHB Jesús Renderos 0-0: Called Strike
0-1: Ball
1-1: Fly out, F9 (Line Drive, 9D, EV 105.6 MPH)
Batting: LHB Timothy Hayes 0-0: Fly out, F7 (Line Drive, 7, EV 92.5 MPH)
Batting: RHB Ramiro Rivera 0-0: Ball
1-0: Called Strike
1-1: Called Strike
1-2: Ball
2-2: Foul Ball, location: 2F
2-2: Ground out 5-3 (Groundball, 5, EV 81.2 MPH)
Top of the 8th over - 0 runs, 0 hits, 0 errors, 0 left on base; Hicksville 4 - Hudsonville 12
BOTTOM OF THE 8TH
Hudsonville Flanderses batting - Pitching for Hicksville Hounds : RHP Mike Hopkins
Batting: LHB Victor de Bree 0-0: Foul Ball, location: 2F
0-1: Called Strike
0-2: Ball
1-2: Foul Ball, location: 2F
1-2: Ball
2-2: Ball
3-2: Strikes out looking
Batting: LHB Ben Yunusov 0-0: Foul Ball, location: 2F
0-1: Ball
1-1: Reached on error, E4 (Groundball, 4, EV 84.4 MPH)
Pinch Hitting: LHB Harold Tyerman 0-0: Called Strike
0-1: Ball
1-1: Foul Ball, location: 2F
1-2: Foul Ball, location: 2F
1-2: Foul Ball, location: 2F
1-2: Strikes out swinging
Batting: RHB Mike Marcus 0-0: Ball
1-0: Foul Ball, location: 2F
1-1: Foul Ball, location: 2F
1-2: Ball
2-2: Foul Ball, location: 2F
2-2: Ball
3-2: Ground out 5-3 (Groundball, 5, EV 106.9 MPH)
Bottom of the 8th over - 0 runs, 0 hits, 1 error, 1 left on base; Hicksville 4 - Hudsonville 12
TOP OF THE 9TH
Hicksville Hounds batting - Pitching for Hudsonville Flanderses : RHP Eitoku Tanaka
Now in LF: António Taváres
Batting: RHB Joe Barrientez 0-0: Ball
1-0: Called Strike
1-1: Foul Ball, location: 2F
1-2: Foul Ball, location: 2F
1-2: Ball
2-2: Ball
3-2: SINGLE (Flyball, 7LS, EV 91.2 MPH)
Batting: RHB Tim Stroud 0-0: Foul Ball, location: 2F
0-1: Called Strike
0-2: Strikes out swinging
Batting: RHB Martín González 0-0: Ball
1-0: Called Strike
1-1: Foul Ball, location: 2F
1-2: Fielders Choice at 2nd, 5-4 (Groundball, 56S, EV 86.9 MPH)
Batting: RHB Larry Thompson 0-0: Called Strike
0-1: Foul Ball, location: 2F
0-2: Ball
1-2: Ball
2-2: Ground out 1-3 (Groundball, 13S, EV 70.6 MPH)
Top of the 9th over - 0 runs, 1 hit, 0 errors, 1 left on base; Hicksville 4 - Hudsonville 12
Friday, March 26th, 2021 - OOTP Baseball 20.8 Build 74